 Dungeon Crawl Stone Soup version 0.26-a0-682-g294304f6e8 (webtiles) character file.

Game seed: 4803027729493646671

229 lunkers the Insei (level 5, 0/40 HPs)
             Began as a Draconian Transmuter on Oct 20, 2020.
             Slain by an orc wizard
             ... wielding a +0 dagger
              (5 damage)
             ... on level 3 of the Dungeon.
             The game lasted 00:04:13 (3691 turns).

lunkers the Insei (Draconian Transmuter)            Turns: 3691, Time: 00:04:13

Health: 0/40       AC:  2    Str: 12    XL:     5   Next: 71%
Magic:  5/8        EV: 19    Int: 13    God:
Gold:   131        SH:  0    Dex: 18    Spells: 2/8 levels left

rFire    . . .     SeeInvis .     - Unarmed
rCold    . . .     Faith    .   (shield currently unavailable)
rNeg     . . .     Spirit   .   (armour unavailable)
rPois    x         Reflect  .   (helmet currently unavailable)
rElec    .         Harm     .   (cloak currently unavailable)
rCorr    .         Rampage  .   (gloves currently unavailable)
MR       .....                  (boots currently unavailable)
Stlth    ++........             (no amulet)
HPRegen  0.13/turn              (no ring)
MPRegen  0.11/turn              (no ring)

@: spider-form (expiring)
A: tiny, unfitting armour, AC +5
a: End Transformation


You were on level 3 of the Dungeon.
You were a venomous arachnid creature.
You visited 1 branch of the dungeon, and saw 4 of its levels.

You collected 131 gold pieces.

Inventory:

Armour
 m - a +0 pair of gloves (melded)
Jewellery
 i - a cursed amulet of inaccuracy {unknown}
Scrolls
 a - 3 scrolls of remove curse {unknown}
 b - a scroll of noise {unknown}
 c - a scroll of teleportation {unknown}
 d - a scroll of random uselessness {unknown}
 e - 4 scrolls of identify {unknown}
 f - a scroll of immolation {unknown}
 l - 2 scrolls of blinking {unknown}
 n - a scroll of amnesia {unknown}
 o - a scroll of magic mapping {unknown}
 q - 2 scrolls of enchant armour {unknown}
 r - 2 scrolls of fear {unknown}
Potions
 g - 2 potions of brilliance
 h - a potion of degeneration {unknown}
 j - a potion of mutation {unknown}
 k - a potion of curing {unknown}
 p - a potion of haste {unknown}


   Skills:
 - Level 1.1 Fighting
 - Level 1.7 Dodging
 + Level 5.0 Unarmed Combat
 - Level 2.0 Spellcasting
 + Level 4.5 Transmutations


You had 2 spell levels left.
You knew the following spells:

 Your Spells              Type           Power        Failure   Level
b - Wereblood             Tmut           ##......     17%         2
c - Spider Form           Tmut/Pois      #.........   52%         3
p - Beastly Appendage     Tmut           ##....       13%         1

Your spell library contained the following spells:

 Spells                   Type           Power        Failure   Level
 Ice Form                 Ice/Tmut       #.......     86%         4
 Blade Hands              Tmut           ##........   88%         5


Dungeon Overview and Level Annotations

Branches:
Dungeon (4/15)
 Temple: D:4-7

Altars:
Okawaru


Innate Abilities, Weirdness & Mutations

((Your plain brown scales are hard. (AC +5)))
You cannot fit into any form of body armour.
((You are cold-blooded and may be slowed by cold attacks.))


Message History

The adder is lightly wounded.
The adder completely misses you. Something hits you.
* * * LOW HITPOINT WARNING * * *
Deactivating autopickup; reactivate with Ctrl-A.
The iguana closely misses you. The adder misses you.
You hit the adder but do no damage.
The adder looks as sick as possible!
The adder is moderately wounded.
Something hits you.
* * * LOW HITPOINT WARNING * * *
The adder misses you.
The iguana bites you but does no damage.
You hit the iguana.
The iguana is poisoned.
The iguana is lightly wounded.
The adder misses you. Something hits you but does no damage.
The iguana barely misses you.
You hit the iguana.
The iguana looks as sick as possible!
The iguana is heavily wounded.
You kill the adder!
Something hits you.
You die...

#..# #######..##....## #..#
#................ #..#
######.#####..#.....## #..#
#.......# #.......(.#
############(# #.##.......
###8###8####.# #.##...#...
###8...8...8##.# #.##...#..#
####........l##.# #.........#
#.#_........[s#.# ####..##...
#.##........)#### #.......
#.##8...8...8### ##.##...
#.####8###8### #.###.#
#.######################.# #.#
#.#.#.##.###.............###.#
#....)##.##.#.##########......
####..<....###.# #######
#.#.#.##.#..# #......


You could see an iguana (extremely poisoned).

Vanquished Creatures
  An orc wizard (D:3)
  A worker ant (D:3)
  9 adders
  An ooze (D:2)
  3 worms (D:3)
  A dart slug (D:1)
  3 leopard geckos
  3 orcs
  2 ball pythons
  3 giant cockroaches
  6 goblins
  4 hobgoblins
  10 jackals
  8 kobolds
  A quokka (D:3)
  7 bats
  5 frilled lizards
  12 rats
80 creatures vanquished.

Notes
Turn   | Place    | Note
-------+----------+-------------------------------------------
     0 | D:1      | lunkers the Draconian Transmuter began the quest for the
                  | Orb.
     0 | D:1      | Reached XP level 1. HP: 16/16 MP: 3/3
   504 | D:1      | Reached XP level 2. HP: 23/23 MP: 1/5
   605 | D:1      | Learned a level 2 spell: Wereblood
  1226 | D:2      | Reached XP level 3. HP: 15/28 MP: 6/6
  1982 | D:2      | Reached skill level 4 in Unarmed Combat
  2209 | D:2      | Reached XP level 4. HP: 30/35 MP: 5/7
  2989 | D:3      | Reached XP level 5. HP: 35/40 MP: 6/8
  3663 | D:3      | Found an iron altar of Okawaru.
  3680 | D:3      | Learned a level 3 spell: Spider Form
  3687 | D:3      | Reached skill level 5 in Unarmed Combat
  3691 | D:3      | Slain by an orc wizard

Illustrated notes

Levels and vault maps discovered:
D:1:      minmay_arrival_semitransparent, layout_basic
D:2:      layout_loops_cross, minmay_liquid_box
D:3:      layout_loops_ring, nicolae_overflow_hidden_temple
D:4:      layout_cave_pools, minmay_temple_entry_ruins, serial_rivers,
          chequers_serial_rivers_micro_d, chequers_serial_rivers_micro_e,
          chequers_serial_rivers_room_b, chequers_serial_rivers_large_b,
          minmay_pentomino_pile, uniq_crazy_yiuf_cottage, uniq_duvessa

Skill      XL: |  1  2  3  4  5 |
---------------+----------------+-----
Transmutations | 3 4 |  4.5
Unarmed Combat | 4 5 |  5.0
Fighting       | |  1.1
Dodging        | |  1.7
Spellcasting   | |  2.0

Action                   |  1- 3 |  4- 6 || total
-------------------------+-------+-------++-------
Melee: Unarmed           |   109 |   117 ||   226
       Kick              |    13 |    26 ||    39
       Headbutt          |    15 |    17 ||    32
       Tailslap          |     8 |     5 ||    13
       Punch             |       |     1 ||     1
 Cast: Beastly Appendage |    31 |    21 ||    52
       Spider Form       |       |     1 ||     1
  Use: Potion            |     2 |       ||     2
Armor: Skin              |    36 |    44 ||    80
Dodge: Dodged            |    65 |   112 ||   177

Table legend: (Time is in decaauts)
 A = Elapsed time spent in this place.
 B = Non-inter-level travel time spent in this place.
 C = Inter-level travel time spent in this place.
 D = Time resting spent in this place.
 E = Time spent auto-exploring this place.
 F = Levels seen in this place.
 G = Mean time per level.
                   A        B        C        D        E       F      G
               +--------+--------+--------+--------+--------+-----+--------+
         Total |   3675 |   3552 |    123 |      0 |   3004 |   4 |  918.8 |
       Dungeon |   3675 |   3552 |    123 |      0 |   3004 |   4 |  918.8 |
               +--------+--------+--------+--------+--------+-----+--------+

Top non-repeatable levels by time:
     D:2: 1305 daAuts
     D:3: 1243 daAuts
     D:1: 1115 daAuts
     D:4: 10 daAuts
